 Dungeon Crawl Stone Soup version 0.25-a0-41-g6cf4ce537d (webtiles) character file.

Game seed: 7492307665779243898, levelgen mode: deterministic

108 Alarkh the Skirmisher (level 4, 22/35 HPs)
             Began as a Demonspawn Fighter on Oct 21, 2019.
             Got out of the dungeon alive.
             The game lasted 00:01:02 (1029 turns).

Alarkh the Skirmisher (Demonspawn Fighter)          Turns: 1029, Time: 00:01:03

Health: 22/35      AC:  6    Str: 16    XL:     4   Next: 58%
Magic:  4/4        EV:  7    Int: 11    God:
Gold:   60         SH:  8    Dex: 12    Spells: 3/3 levels left

rFire    . . .     SeeInvis .   a - +0 long sword
rCold    . . .     Gourm    .   c - +0 shield
rNeg     . . .     Faith    .   b - +0 scale mail
rPois    .         Spirit   .   (no helmet)
rElec    .         Reflect  .   (no cloak)
rCorr    .         Harm     .   (no gloves)
MR       .....                  (no boots)
Stlth    ..........             (no amulet)
HPRegen  0.11/turn              (no ring)
MPRegen  0.09/turn              (no ring)

@: no status effects
A: powered by pain 2
a: no special abilities


You escaped.
You were not hungry.

You visited 1 branch of the dungeon, and saw 3 of its levels.

You collected 60 gold pieces.

Inventory:

Hand Weapons
 a - a +0 long sword (weapon)
Armour
 b - a +0 scale mail (worn)
 c - a +0 shield (worn)
Jewellery
 l - a +4 ring of dexterity {unknown}
Scrolls
 e - 2 scrolls of noise {unknown}
 h - a scroll of blinking {unknown}
 i - 3 scrolls of identify {unknown}
Potions
 d - a potion of might
 j - a potion of curing {unknown}
 k - a potion of berserk rage {unknown}
 m - a potion of heal wounds {unknown}
Comestibles
 f - 3 rations
 g - a chunk of flesh


   Skills:
 + Level 3.4 Fighting
 + Level 3.1 Long Blades
 + Level 3.2 Armour
 + Level 0.7 Dodging
 + Level 3.1 Shields


You had 3 spell levels left.
You didn't know any spells.
Your spell library was empty.

Dungeon Overview and Level Annotations

Branches:
Dungeon (3/15)

Altars:


Innate Abilities, Weirdness & Mutations

You sometimes gain power by taking damage.


Message History

Your Long Blades skill increases to level 3!
The kobold hits you but does no damage. The kobold barely misses you.
The kobold hits you but does no damage. The kobold hits you.
Things that are here:
a +1 vampiric dagger; a +0 robe; a wand of flame (11)
Your shield and scale mail prevent you from hitting the kobold.
The kobold hits you but does no damage. The kobold barely misses you.
You hit the kobold.
You kill the kobold!
You feel yourself speed up.
There is a stone staircase leading up here.
Some of the chunks of flesh in your inventory have rotted away.
You climb upwards.
There is a stone staircase leading down here.
You see here a hunting sling.
There is a dry fountain here.
There is a dry fountain here.
There is a staircase leading out of the dungeon here.
Are you sure you want to leave the Dungeon?
This will make you lose the game!
You have escaped!

.......>..............##........)
..(......#.......#.##..#.........
(................#.###...........
..(..............#.).#..#.....###
#.............................# #
##......[..#.÷..........#.....# #
.............)#####...........#
.#...>.......##...##..........#
.##.........##..@..##.........###
.###.......##.......##..........#
...#......##..⌠...⌠..##.......#..
##.......##...........##.........
###....##.⌠....⌠....⌠.##........
#..###...............##.).)#..
#..##..⌠...⌠...⌠...⌠..##...#..
#.##..(....(...........##.....
#.#......⌠.......⌠......#.....


There were no monsters in sight!

Vanquished Creatures
  Jessica (D:2)
  4 adders
  A worm (D:2)
  A dart slug (D:1)
  3 leopard geckos
  A ball python (D:3)
  A giant cockroach (D:1)
  5 hobgoblins
  4 bats
  3 frilled lizards
  7 goblins
  8 kobolds
  3 rats
42 creatures vanquished.

Notes
Turn   | Place    | Note
-------+----------+-------------------------------------------
     0 | D:1      | Alarkh the Demonspawn Fighter began the quest for the Orb.
     0 | D:1      | Reached XP level 1. HP: 18/18 MP: 1/1
   122 | D:1      | Gained mutation: You sometimes gain a little power by
                  | taking damage. [demonic ancestry]
   122 | D:1      | Reached XP level 2. HP: 22/24 MP: 2/2
   465 | D:2      | Reached XP level 3. HP: 26/29 MP: 3/3
   860 | D:3      | Gained mutation: You sometimes gain power by taking damage.
                  | [demonic ancestry]
   860 | D:3      | Reached XP level 4. HP: 29/35 MP: 4/4
   954 | D:2      | Noticed Jessica
   963 | D:2      | Killed Jessica
  1029 | D:$      | Got out of the dungeon alive.

Levels and vault maps discovered:
D:1:      dpeg_arrival_lava_temple_mockup, layout_rooms
D:2:      layout_loops_ring, first_ration, uniq_jessica
D:3:      layout_basic, minmay_joined_circles, uniq_sigmund

Skill      XL: |  1  2  3  4 |
---------------+-------------+-----
Shields        | 3 |  3.1
Long Blades    | 2 3 |  3.1
Armour         | 3 |  3.2
Fighting       | |  3.4
Dodging        | |  0.7

Action                   |  1- 3 |  4- 6 || total
-------------------------+-------+-------++-------
Melee: Long sword        |   142 |    16 ||   158
  Use: Potion            |     1 |       ||     1
  Eat: Chunk             |       |     1 ||     1
Armor: Scale mail        |    85 |    12 ||    97
       Skin              |     9 |       ||     9
Dodge: Dodged            |    51 |     3 ||    54
Block: Shield            |    77 |    10 ||    87
       Rpst.: Long sword |    19 |       ||    19

Table legend:
 A = Non-vault XP
 B = Vault XP
 C = Vault XP percentage of total XP
 D = Non-vault monster count
 E = Vault monster count
 F = Vault count percentage of total count
                 A         B        C        D         E       F
            +---------+---------+-------+---------+---------+-------
      Total |     118 |      37 |  23.9 |      41 |       1 |   2.4
            +---------+---------+-------+---------+---------+-------
        D:1 |      35 |       0 |   0.0 |      21 |       0 |   0.0
        D:2 |      25 |      37 |  59.7 |       7 |       1 |  12.5
        D:3 |      58 |       0 |   0.0 |      13 |       0 |   0.0
            +---------+---------+-------+---------+---------+-------
